[Event "Deutsche Schachbundesliga"]
[Site "Baden-Baden/Germany"]
[Date "2009.11.15"]
[Round "4.7"]
[White "Schwalfenberg"]
[Black "Meissner"]
[Result "1/2-1/2"]
[WhiteElo "2317"]
[BlackElo "2410"]
[PlyCount "91"]
[EventDate "2009.??.??"]
[WhiteTeam "HDS"]
[BlackTeam "BAY"]
[TimeControl "40/6000+30:20/3000+30:900+30"]
[WhiteClock "0:43:00"]
[BlackClock "0:40:00"]

1. Nf3 Nf6 2. c4 g6 3. Nc3 Bg7 4. g3 O-O 5. Bg2 d6 6. d4 Nc6 7. O-O a6 8. d5
Na5 9. b3 c5 10. dxc6 Nxc6 11. Bb2 Rb8 12. Qc1 Qa5 13. Rd1 Be6 14. Ng5 Bh6 15.
h4 Ng4 16. Bd5 Bxd5 17. Rxd5 Qc7 18. Nce4 f6 19. Qc3 Qc8 20. c5 dxc5 21. Rxc5
Nge5 22. Nf3 Qg4 23. Nxe5 Nxe5 24. Rxe5 fxe5 25. Qxe5 Kf7 26. Bc1 Bg7 27. Qd5+
e6 28. Ng5+ Kg8 29. Nxe6 Qf5 30. Qxf5 Rxf5 31. Nxg7 Kxg7 32. Bb2+ Kf7 33. Rc1
Re8 34. e3 Rd5 35. Bd4 Ke6 36. a4 Kd7 37. Rc2 Re6 38. b4 Rc6 39. Rb2 Rc4 40.
Kf1 Kc6 41. Ke2 b6 42. Kd3 Rc1 43. Ke4 Rf5 44. g4 Rf7 45. b5+ axb5 46. Rxb5
1/2-1/2

[Event "Deutsche Schachbundesliga"]
[Site "Bremen/Germany"]
[Date "2009.11.15"]
[Round "4.8"]
[White "Seeger"]
[Black "Llaneza Vega"]
[Result "1-0"]
[WhiteElo "2407"]
[BlackElo "2504"]
[PlyCount "181"]
[EventDate "2009.??.??"]
[WhiteTeam "TRI"]
[BlackTeam "WBR"]
[TimeControl "40/6000+30:20/3000+30:900+30"]
[WhiteClock "0:01:20"]
[BlackClock "0:03:10"]

1. e4 c5 2. c3 Nf6 3. e5 Nd5 4. Nf3 Nc6 5. d4 cxd4 6. cxd4 d6 7. Bc4 e6 8. O-O
Nb6 9. Bb5 Bd7 10. Nc3 a6 11. Bd3 dxe5 12. dxe5 Nb4 13. Bb1 Be7 14. Qd4 Bc6 15.
Qg4 g6 16. Bh6 Qc7 17. Ne4 O-O-O 18. Rc1 Nd3 19. Nd6+ Bxd6 20. Bxd3 Ba3 21.
Rxc6 Qxc6 22. Rc1 Bc5 23. Bf1 a5 24. a3 a4 25. Be3 Nd7 26. Ng5 Nxe5 27. Qf4 Rd5
28. Nxf7 Nxf7 29. Qxf7 Kb8 30. g3 Rhd8 31. Be2 Qb6 32. Rxc5 Rxc5 33. Bf3 Rdc8
34. Qxh7 Qc7 35. Qxg6 Rb5 36. Qxe6 Re5 37. Qh6 Rce8 38. Bf4 Ka7 39. Bxe5 Qxe5
40. Qh4 b5 41. Qh7+ Re7 42. Qg8 Kb6 43. Kg2 Kc7 44. Qa8 Qc5 45. Qa5+ Kd6 46. h4
Ke5 47. Qd2 Kf6 48. g4 Kg7 49. h5 Re5 50. Qf4 Qe7 51. Qd4 Kh6 52. Qd2+ Kg7 53.
Bd1 Qb7+ 54. Bf3 Qe7 55. Kg3 Qc7 56. Qf4 Qe7 57. Qd4 Kh7 58. Bd1 Re1 59. Bc2+
Kg8 60. Qd5+ Kf8 61. Qf5+ Kg8 62. Qg6+ Kf8 63. Qf5+ Kg8 64. Bd3 Qd6+ 65. Kg2
Qc6+ 66. f3 Qc1 67. Qd5+ Kf8 68. Qd8+ Kg7 69. Qd4+ Kf7 70. Bxb5 Qc2+ 71. Kg3
Qb1 72. Bc4+ Ke7 73. Kf4 Ke8 74. Qh8+ Kd7 75. Qd4+ Kc7 76. Qc5+ Kd7 77. Qd4+
Kc7 78. Bd3 Qc1+ 79. Kf5 Qd1 80. f4 Rg1 81. Qc5+ Kd7 82. Bb5+ Kd8 83. Qb6+ Kc8
84. Qe6+ Kb8 85. Be2 Qb1+ 86. Kg5 Re1 87. Qb6+ Kc8 88. Bc4 Kd7 89. Kf6 Qe4 90.
Bb5+ Kc8 91. Qc6+ 1-0

[Event "Deutsche Schachbundesliga"]
[Site "Baden-Baden/Germany"]
[Date "2009.11.15"]
[Round "4.1"]
[White "Shirov"]
[Black "Romanov"]
[Result "1-0"]
[WhiteElo "2730"]
[BlackElo "2588"]
[PlyCount "115"]
[EventDate "2009.??.??"]
[WhiteTeam "BAD"]
[BlackTeam "ERF"]
[TimeControl "40/6000+30:20/3000+30:900+30"]
[WhiteClock "0:12:00"]
[BlackClock "0:00:27"]

1. e4 e5 2. Nf3 Nc6 3. Bb5 a6 4. Ba4 Nf6 5. O-O Be7 6. Re1 b5 7. Bb3 d6 8. c3
O-O 9. h3 Nb8 10. d4 Nbd7 11. Nbd2 Bb7 12. Bc2 c5 13. b3 cxd4 14. cxd4 d5 15.
Nxe5 dxe4 16. Bb2 Bb4 17. Re2 Bxd2 18. Qxd2 Re8 19. Rae1 Bd5 20. Ng4 Rc8 21.
Ne3 Nf8 22. Nf5 Rc6 23. f3 Rce6 24. f4 Qc7 25. Ne3 Qxf4 26. Nxd5 Nxd5 27. Qxf4
Nxf4 28. Rxe4 Rxe4 29. Rxe4 Rc8 30. Bb1 N8e6 31. Re1 h5 32. g3 Nd5 33. Be4 Nc3
34. Bb7 Rc7 35. d5 Nd4 36. Re8+ Kh7 37. Bxa6 Nce2+ 38. Kf1 Nxg3+ 39. Ke1 Ngf5
40. a4 bxa4 41. Bd3 Kh6 42. bxa4 Rd7 43. Be4 Kg5 44. a5 Nd6 45. Re5+ Kf4 46.
Bxd4 Nxe4 47. Rxh5 Nf6 48. Bxf6 gxf6 49. Rh4+ Ke5 50. a6 Ra7 51. Ra4 Kxd5 52.
h4 Ke6 53. Kf2 f5 54. Kf3 Kf6 55. Kf4 Kg6 56. Ra5 Kh5 57. Kxf5 Kxh4 58. Ra3 1-0

[Event "Deutsche Schachbundesliga"]
[Site "Muellheim/Germany"]
[Date "2009.11.15"]
[Round "4.7"]
[White "Siebrecht"]
[Black "Naumann"]
[Result "1/2-1/2"]
[WhiteElo "2456"]
[BlackElo "2522"]
[PlyCount "62"]
[EventDate "2009.??.??"]
[WhiteTeam "KAT"]
[BlackTeam "SOL"]
[TimeControl "40/6000+30:20/3000+30:900+30"]

1. Nf3 Nf6 2. c4 e6 3. d4 d5 4. Nc3 dxc4 5. e4 Bb4 6. Bg5 c5 7. Bxc4 cxd4 8.
Nxd4 Bxc3+ 9. bxc3 Qa5 10. Bb5+ Bd7 11. Bxf6 gxf6 12. Bxd7+ Nxd7 13. O-O a6 14.
Rb1 Qc7 15. Qh5 Nc5 16. Rb4 Qe5 17. Qh6 Rc8 18. Nf3 Qxc3 19. Rd4 Ke7 20. e5 Nd7
21. Qh4 Rhg8 22. Kh1 b5 23. h3 Rc4 24. Rxd7+ Kxd7 25. Qxf6 Ke8 26. Rd1 Rc8 27.
Ng5 Qc7 28. Ne4 Kf8 29. Ng5 Ke8 30. Ne4 Kf8 31. Ng5 Ke8 1/2-1/2

[Event "Deutsche Schachbundesliga"]
[Site "Emsdetten/Germany"]
[Date "2009.11.15"]
[Round "4.1"]
[White "Spoelman"]
[Black "Rabiega"]
[Result "1-0"]
[WhiteElo "2546"]
[BlackElo "2551"]
[PlyCount "89"]
[EventDate "2009.??.??"]
[WhiteTeam "EMS"]
[BlackTeam "TEG"]
[TimeControl "40/6000+30:20/3000+30:900+30"]
[WhiteClock "0:24:00"]
[BlackClock "0:24:00"]

1. Nf3 Nc6 2. e4 e5 3. Bb5 Nf6 4. O-O d6 5. d4 Bd7 6. Nc3 exd4 7. Nxd4 Be7 8.
Bxc6 bxc6 9. Qf3 O-O 10. Re1 Re8 11. b3 g6 12. e5 Ng4 13. Nxc6 Bxc6 14. Qxc6
Bf6 15. Bb2 Nxe5 16. Nd5 Nxc6 17. Rxe8+ Qxe8 18. Nxf6+ Kf8 19. Nxe8 Rxe8 20.
Kf1 f5 21. Bc3 Kf7 22. a4 a6 23. Rd1 Ke6 24. Re1+ Kd7 25. Rxe8 Kxe8 26. Ke2 Ke7
27. Kd3 d5 28. Bd2 Kd7 29. h3 Ke6 30. b4 Ke5 31. c3 Ke6 32. Bf4 Kd7 33. f3 h5
34. Ke3 d4+ 35. Kd3 dxc3 36. Kxc3 Nd8 37. Kd4 g5 38. Bd2 Kd6 39. Kc4 Nf7 40. b5
Ne5+ 41. Kb4 a5+ 42. Kb3 g4 43. fxg4 fxg4 44. Bxa5 Nd3 45. Bd2 1-0

[Event "Deutsche Schachbundesliga"]
[Site "Emsdetten/Germany"]
[Date "2009.11.15"]
[Round "4.2"]
[White "Stern"]
[Black "Hector"]
[Result "1/2-1/2"]
[WhiteElo "2498"]
[BlackElo "2556"]
[PlyCount "115"]
[EventDate "2009.??.??"]
[WhiteTeam "TEG"]
[BlackTeam "EMS"]
[TimeControl "40/6000+30:20/3000+30:900+30"]
[WhiteClock "0:04:40"]
[BlackClock "0:05:40"]

1. d4 d5 2. c4 c6 3. cxd5 cxd5 4. Nc3 Nf6 5. Bf4 Nc6 6. e3 Bf5 7. Qb3 Na5 8.
Bb5+ Bd7 9. Qa4 e6 10. Bg5 Nc4 11. Bxf6 gxf6 12. Bxd7+ Qxd7 13. Qxd7+ Kxd7 14.
b3 Na5 15. O-O-O Rg8 16. g3 Ba3+ 17. Kb1 Rgc8 18. Nge2 Rc6 19. Nb5 Bf8 20. Kb2
Rb6 21. Nbc3 Nc4+ 22. Ka1 Na3 23. Rc1 Rc8 24. Nb1 Nc2+ 25. Kb2 Ra6 26. Rhd1 b5
27. Rd2 Nb4 28. a3 Nc6 29. Nf4 Rb6 30. Rdc2 a5 31. Nd2 Na7 32. Nd3 Rbc6 33. b4
Rxc2+ 34. Rxc2 Nc6 35. Kb3 e5 36. dxe5 fxe5 37. Nc5+ Ke7 38. Nf3 Bg7 39. Nh4
Kf6 40. f4 exf4 41. Rf2 Bh6 42. Ng2 Re8 43. bxa5 Ke7 44. Nxf4 Nxa5+ 45. Kb4
Bxf4 46. Rxf4 Nc4 47. e4 Ra8 48. exd5 Nxa3 49. Rh4 Kd6 50. Ne4+ Kxd5 51. Nc3+
Ke5 52. Rxh7 Nc2+ 53. Kxb5 Rc8 54. Ne2 f5 55. Kb6 Ke4 56. Kb7 Rc5 57. Kb6 Rc8
58. Kb7 1/2-1/2

[Event "Deutsche Schachbundesliga"]
[Site "Muellheim/Germany"]
[Date "2009.11.15"]
[Round "4.6"]
[White "Teske"]
[Black "Berelowitsch"]
[Result "1/2-1/2"]
[WhiteElo "2545"]
[BlackElo "2551"]
[PlyCount "39"]
[EventDate "2009.??.??"]
[WhiteTeam "REM"]
[BlackTeam "MUL"]
[TimeControl "40/6000+30:20/3000+30:900+30"]

1. d4 f5 2. Qd3 e6 3. g4 d5 4. gxf5 exf5 5. Bf4 Nf6 6. Nf3 Bd6 7. Ne5 Nh5 8. e3
c6 9. Nd2 Be6 10. Bg3 Nxg3 11. hxg3 Bxe5 12. dxe5 Nd7 13. f4 Qb6 14. O-O-O Nc5
15. Qd4 O-O-O 16. Bg2 h5 17. Nf3 g6 18. Ng5 Rhe8 19. Kb1 Bg8 20. Bf3 1/2-1/2

[Event "Deutsche Schachbundesliga"]
[Site "Emsdetten/Germany"]
[Date "2009.11.15"]
[Round "4.6"]
[White "Thiede"]
[Black "Appel"]
[Result "0-1"]
[WhiteElo "2452"]
[BlackElo "2552"]
[PlyCount "98"]
[EventDate "2009.??.??"]
[WhiteTeam "SFB"]
[BlackTeam "WAT"]
[TimeControl "40/6000+30:20/3000+30:900+30"]
[WhiteClock "0:20:00"]
[BlackClock "0:22:00"]

1. g3 d5 2. Bg2 c6 3. d3 Nf6 4. f4 h5 5. Nf3 Bg4 6. h3 Bxf3 7. Bxf3 Nbd7 8. O-O
e5 9. e3 Qb6 10. Kg2 e4 11. Be2 exd3 12. cxd3 Bc5 13. Bf3 O-O-O 14. d4 Bd6 15.
Nc3 Rdg8 16. h4 Re8 17. a3 Qc7 18. Rf2 Nb6 19. Qd3 Kb8 20. Re2 Qd7 21. b4 g6
22. Rb1 Qf5 23. Qd1 Ne4 24. Bxe4 dxe4 25. Rf2 Nd5 26. Bd2 Re7 27. Qe2 Rc8 28.
Rb3 Rd7 29. Qd1 Qe6 30. Qc2 Re7 31. Na4 Qg4 32. Be1 g5 33. hxg5 h4 34. Qe2
Qxg3+ 35. Kh1 Bxf4 36. Rxf4 Qh3+ 37. Qh2 Nxf4 38. Qxh3 Nxh3 39. Bxh4 Rh8 40.
Bg3+ Ka8 41. Be5 Rh5 42. Kh2 Nxg5+ 43. Kg3 Nf3 44. Bf4 f5 45. b5 Rh2 46. Be5
Re8 47. Rb4 cxb5 48. Rxb5 Rg8+ 49. Kf4 Rh5 0-1

[Event "Deutsche Schachbundesliga"]
[Site "Muellheim/Germany"]
[Date "2009.11.15"]
[Round "4.1"]
[White "Vachier-Lagrave"]
[Black "Fedorchuk"]
[Result "1-0"]
[WhiteElo "2718"]
[BlackElo "2643"]
[PlyCount "59"]
[EventDate "2009.??.??"]
[WhiteTeam "MUL"]
[BlackTeam "REM"]
[TimeControl "40/6000+30:20/3000+30:900+30"]

1. e4 e5 2. Nf3 Nc6 3. Bb5 a6 4. Ba4 Nf6 5. O-O b5 6. Bb3 Bc5 7. c3 d6 8. a4
Bb7 9. d3 h6 10. Nh4 O-O 11. axb5 axb5 12. Rxa8 Bxa8 13. Qf3 Kh7 14. Nf5 Ng8
15. Na3 b4 16. Nc2 bxc3 17. bxc3 Nce7 18. Nce3 Bc6 19. d4 Nxf5 20. Nxf5 Bb6 21.
dxe5 dxe5 22. Ba3 Nf6 23. Be7 Bxe4 24. Bxd8 Bxf3 25. Bxf6 Be2 26. Re1 Bd3 27.
Nxg7 Rb8 28. Bxe5 Bc5 29. Bxf7 Rb2 30. Ne6 1-0

[Event "Deutsche Schachbundesliga"]
[Site "Emsdetten/Germany"]
[Date "2009.11.15"]
[Round "4.1"]
[White "Vitiugov"]
[Black "Markos"]
[Result "1-0"]
[WhiteElo "2681"]
[BlackElo "2555"]
[PlyCount "73"]
[EventDate "2009.??.??"]
[WhiteTeam "WAT"]
[BlackTeam "SFB"]
[TimeControl "40/6000+30:20/3000+30:900+30"]
[WhiteClock "0:01:59"]
[BlackClock "0:11:00"]

1. d4 Nf6 2. c4 e6 3. Nc3 Bb4 4. Qc2 O-O 5. a3 Bxc3+ 6. Qxc3 Ne4 7. Qc2 d5 8.
Nf3 b6 9. b4 a5 10. b5 a4 11. Bf4 c5 12. e3 Nd7 13. Bd3 Bb7 14. O-O cxd4 15.
exd4 Qf6 16. Be3 Rfc8 17. Rfc1 Qe7 18. Bxe4 dxe4 19. Ne5 f6 20. Nxd7 Qxd7 21.
Rab1 Rf8 22. Rb4 f5 23. Qd2 Rad8 24. Bf4 Qxd4 25. Qxd4 Rxd4 26. Rxa4 Rfd8 27.
h3 R8d7 28. Ra7 Kf7 29. a4 Kf6 30. Be3 Rd3 31. Bxb6 f4 32. c5 e3 33. fxe3 fxe3
34. c6 Rd1+ 35. Kh2 e2 36. cxd7 e1=Q 37. d8=Q+ 1-0

[Event "Deutsche Schachbundesliga"]
[Site "Muellheim/Germany"]
[Date "2009.11.15"]
[Round "4.1"]
[White "Volokitin"]
[Black "Smeets"]
[Result "1/2-1/2"]
[WhiteElo "2681"]
[BlackElo "2642"]
[PlyCount "75"]
[EventDate "2009.??.??"]
[WhiteTeam "KAT"]
[BlackTeam "SOL"]
[TimeControl "40/6000+30:20/3000+30:900+30"]

1. e4 e5 2. Nf3 Nf6 3. Nxe5 d6 4. Nf3 Nxe4 5. d4 d5 6. Bd3 Nc6 7. O-O Be7 8. c4
Nb4 9. Be2 O-O 10. Nc3 Bf5 11. a3 Nxc3 12. bxc3 Nc6 13. Re1 Re8 14. Bf4 dxc4
15. Bxc4 Bd6 16. Rxe8+ Qxe8 17. Nh4 Bd7 18. Qf3 Qe7 19. Bxd6 cxd6 20. Nf5 Bxf5
21. Qxf5 g6 22. Qf3 Rc8 23. Bd5 Kg7 24. Kf1 Qf6 25. Ke2 Ne7 26. Bxb7 Qxf3+ 27.
Bxf3 Rxc3 28. Kd2 Rb3 29. Kc2 Rb6 30. Rd1 Kf6 31. Rd3 d5 32. Rc3 Ke6 33. Rc5
Ra6 34. Kb3 Rb6+ 35. Ka2 Ra6 36. Kb3 Rb6+ 37. Kc2 Ra6 38. Kb3 1/2-1/2

[Event "Deutsche Schachbundesliga"]
[Site "Emsdetten/Germany"]
[Date "2009.11.15"]
[Round "4.4"]
[White "Von Herman"]
[Black "Janssen"]
[Result "1/2-1/2"]
[WhiteElo "2400"]
[BlackElo "2527"]
[PlyCount "136"]
[EventDate "2009.??.??"]
[WhiteTeam "TEG"]
[BlackTeam "EMS"]
[TimeControl "40/6000+30:20/3000+30:900+30"]
[WhiteClock "0:40:00"]
[BlackClock "0:14:00"]

1. d4 Nf6 2. c4 e6 3. Nf3 c5 4. d5 d6 5. Nc3 g6 6. e4 Bg7 7. Bd3 O-O 8. O-O
exd5 9. exd5 Bg4 10. h3 Bxf3 11. Qxf3 Nbd7 12. Qd1 Ne8 13. Qc2 Ne5 14. Be2 f5
15. f4 Ng4 16. g3 Bd4+ 17. Kg2 Ne3+ 18. Bxe3 Bxe3 19. Bd3 Ng7 20. Rae1 Bd4 21.
Ne2 Bf6 22. Ng1 Qa5 23. a3 a6 24. Qb3 Rab8 25. a4 Rbe8 26. Nf3 Qc7 27. Qc2 a5
28. b3 Nh5 29. Qd2 Qg7 30. Rxe8 Rxe8 31. Re1 Rf8 32. Re6 Qc7 33. Bc2 b6 34. Re2
Qd7 35. Bd3 Kh8 36. Qe3 Ng7 37. Ne1 Qd8 38. Nf3 Qd7 39. Qd2 Qf7 40. Bc2 Qd7 41.
Bd3 Kg8 42. Bc2 h6 43. Bd3 Qd8 44. Qc2 Ba1 45. Qc1 Qf6 46. h4 Bd4 47. Qc2 Rd8
48. Re1 Kf8 49. Re2 Re8 50. Qd2 Bc3 51. Qc2 Re7 52. Ng1 Nh5 53. Rxe7 Kxe7 54.
Be2 Ng7 55. Bf3 Bd4 56. Ne2 g5 57. hxg5 hxg5 58. fxg5 Qxg5 59. Qc1 Be3 60. Qh1
f4 61. Qh3 Nf5 62. Qh7+ Kd8 63. Qh8+ Kc7 64. Qh7+ Kb8 65. Qh8+ Kb7 66. Qh7+ Kb8
67. Qh8+ Kc7 68. Qh7+ Kb8 1/2-1/2

[Event "Deutsche Schachbundesliga"]
[Site "Muellheim/Germany"]
[Date "2009.11.15"]
[Round "4.5"]
[White "Zaragatski"]
[Black "L'Ami"]
[Result "1/2-1/2"]
[WhiteElo "2475"]
[BlackElo "2606"]
[PlyCount "148"]
[EventDate "2009.??.??"]
[WhiteTeam "KAT"]
[BlackTeam "SOL"]
[TimeControl "40/6000+30:20/3000+30:900+30"]

1. Nf3 Nf6 2. g3 b6 3. Bg2 Bb7 4. O-O e6 5. c4 Be7 6. d4 O-O 7. Re1 a5 8. Nbd2
d5 9. cxd5 exd5 10. Ne5 c5 11. b3 Nc6 12. Nxc6 Bxc6 13. Ba3 Rc8 14. Rc1 Bd7 15.
dxc5 bxc5 16. e4 Be6 17. e5 Nd7 18. f4 c4 19. Bxe7 Qxe7 20. bxc4 dxc4 21. Ne4
Nc5 22. Qd6 Qa7 23. Qd4 Rc7 24. Nxc5 Qxc5 25. Qxc5 Rxc5 26. Rc3 Rd8 27. Bf1 h6
28. Kf2 Rd2+ 29. Re2 Rcd5 30. Rxd2 Rxd2+ 31. Ke3 Rxh2 32. Bxc4 Bxc4 33. Rxc4
Rxa2 34. Rc8+ Kh7 35. f5 Ra1 36. Kf2 Rb1 37. e6 Rb7 38. Ra8 fxe6 39. fxe6 Re7
40. Rxa5 Rxe6 41. g4 Rb6 42. Kf3 Kg6 43. Kf4 Kf7 44. Ra7+ Kf6 45. Ra5 Rb4+ 46.
Kf3 Rb3+ 47. Kg2 Re3 48. Rf5+ Ke6 49. Ra5 Rd3 50. Kf2 Rd5 51. Ra3 Ke5 52. Kf3
Rd7 53. Ra5+ Rd5 54. Ra3 Rd6 55. Ra5+ Kd4 56. Ra7 g5 57. Ra4+ Kd3 58. Ra3+ Kc2
59. Ra2+ Kb3 60. Ra8 Rc6 61. Ra7 Kc4 62. Ra8 Rf6+ 63. Kg3 Rd6 64. Ra4+ Kd3 65.
Ra8 Ke2 66. Ra2+ Ke3 67. Ra8 Re6 68. Ra3+ Ke2 69. Ra2+ Kf1 70. Ra3 Re1 71. Rb3
Rd1 72. Kf3 Ra1 73. Rc3 Kg1 74. Kg3 Kh1 1/2-1/2